 Dungeon Crawl Stone Soup version 0.30.1-11-g7821555f0a (webtiles) character file.

Game seed: 5865149278907849631

5646 ChrisAssaf the Covert (level 11, -2/95 (97) HPs)
             Began as a Djinni Brigand on Dec 20, 2023.
             Was the Champion of Jiyva.
             Slain by an eight-headed hydra (8 damage)
             ... on level 2 of the Lair of Beasts.
             The game lasted 00:24:51 (7191 turns).

ChrisAssaf the Covert (Djinni Brigand)              Turns: 7191, Time: 00:24:51

HP:   -2/95 (97)    AC: 10    Str: 14    XL:     11   Next: 4%
Gold: 336           EV: 15    Int: 20    God:    Jiyva [******] SH:  0 Dex: 20

rFire   + + .        k - +6 dagger (venom)
rCold   x . .        (no shield)
rNeg    . . .        e - +0 robe {Will+}
rPois   ∞            (helmet restricted)
rElec   .            c - +1 cloak
rCorr   +            (no gloves)
SInv    .            (boots unavailable)
Will    ++...        (no amulet)
Stlth   ++++         f - +6 ring of dexterity
HPRegen 1.95/turn    q - +6 ring of intelligence
MPRegen 0.00/turn

%: infuse magic (-3 HP)
@: about to teleport, flying, slowed, lightly drained, very slow
A: sickness immunity, fire resistance 2, cold vulnerability 1, float, innate
caster, HP casting, extra vitality 1, horns 2, iridescent scales 3, robust 3,
acidic bite
a: Renounce Religion, Oozemancy, Slimify


You were on level 2 of the Lair of Beasts.
You worshipped Jiyva.
Jiyva was exalted by your worship.
You visited 2 branches of the dungeon, and saw 10 of its levels.

You collected 336 gold pieces.

Inventory:

Hand Weapons
 k - a +6 dagger of venom (weapon)
 m - a +0 halberd
 n - a +0 great sword
Missiles
 a - 3 atropa-tipped darts (quivered)
 d - 23 poisoned darts
 p - 3 boomerangs of dispersal
Armour
 b - a +0 robe
 c - a +1 cloak (worn)
 e - a +0 robe of willpower (worn)
Jewellery
 f - a +6 ring of dexterity (left hand)
 l - an amulet of regeneration
 q - a +6 ring of intelligence (right hand)
Scrolls
 i - 3 scrolls of teleportation
Potions
 g - 3 potions of cancellation
 h - 2 potions of haste
 j - a potion of might
 o - a potion of berserk rage {unknown}
 s - a potion of resistance {unknown}
 u - a potion of flight {unknown}
Miscellaneous
 r - a phantom mirror


   Skills:
 * Level 5.0 Fighting
 * Level 5.0 Short Blades
 * Level 4.2 Throwing
 * Level 4.6 Armour
 * Level 5.5 Dodging
 * Level 8.1 Stealth
 * Level 5.1 Spellcasting
 * Level 3.4 Evocations


You knew the following spells:

 Your Spells              Type           Power      Damage    Failure   Level
a - Kiss of Death         Conj/Necr      100%       2d13      1%          1
b - Ensorcelled Hibernat  Hex/Ice        50%        N/A       1%          2
c - Scorch                Fire           50%        2d7       1%          2
d - Olgreb's Toxic Radia  Pois           25%        N/A       14%         4
e - Cause Fear            Hex            12%        N/A       14%         4
Your spell library was empty.

Dungeon Overview and Level Annotations

Branches:
Dungeon (8/15)             Temple (0/1) D:5            Lair (2/5) D:8
  Swamp: Lair:2-3    Shoals: Lair:2-3     Snake: Lair:2-3    Spider: Lair:2-3

Altars:
Fedhas
Makhleb
Ru
Wu Jian
Zin
Jiyva

Shops:
D:6 :==(   D:8 =


Innate Abilities, Weirdness & Mutations

You are immune to sickness and miasma.
You are immune to poison.
Your flesh is very heat resistant. (rF++)
You are vulnerable to cold. (rC-)
You float through the air rather than walking.
You learn spells naturally, not from books.
Your magical power is your life essence.
You have superior vitality. (+4 MHP)
You have a pair of horns on your head.
You are completely covered in iridescent scales. (AC +6)
You are extremely robust. (+30% HP)
You have acidic saliva.


Message History

The eight-headed hydra closely misses you.
The eight-headed hydra misses you. The eight-headed hydra bites you. x3
The eight-headed hydra bites you! The eight-headed hydra bites you.
The dream sheep looks even sicker.
Your toxic aura wanes.
A cane toad comes into view.
The torpor snail looks more healthy.
The dream sheep bites you but does no damage.
The dream sheep attacks as you move away!
The dream sheep bites you.
The dream sheep attacks as you move away!
The dream sheep bites you!
The dream sheep bites you but does no damage.
The dream sheep attacks as you move away!
The dream sheep bites you but does no damage.
The dream sheep closely misses you.
The dream sheep attacks as you move away!
The dream sheep bites you! The dream sheep closely misses you.
You hit the dream sheep.
The dream sheep looks as sick as possible!
The dream sheep is almost dead.
The dream sheep looks more healthy.
The dream sheep bites you. x3
The eight-headed hydra barely misses you.
The eight-headed hydra bites you but does no damage.
The eight-headed hydra bites you!
The eight-headed hydra bites you but does no damage.
The eight-headed hydra bites you! The eight-headed hydra bites you.
The eight-headed hydra barely misses you.
The eight-headed hydra bites you!
* * * LOW HITPOINT WARNING * * *
As you read the scroll of teleportation, it crumbles to dust.
You feel strangely unstable.
You kill the dream sheep!
The dream sheep bites you!
* * * LOW HITPOINT WARNING * * *
The dream sheep bites you!
* * * LOW HITPOINT WARNING * * *
The eight-headed hydra barely misses you. x2
The eight-headed hydra bites you!
You die...

#### #. ♣. ..#P
... ♣.♣ ... ....
♣.♣ ..## ....♣
#♣.♣# ♣...
.....♣♣♣...♣♣♣..#
................#
.............@Y#
k.).........D.Y#
..........†..F.##
.......P#.##....#
._....#####.#w.##
.....# ###...#
..... #...# ....
....?....#.# ##..
..........##


You could see an eight-headed hydra, a torpor snail, a cane toad and 2 dream
sheep.

Vanquished Creatures
  The ghost of GrumpyGrim72 the Thaumaturge, a novice DECj of Sif Muna (D:7)
  A black mamba (Lair:1)
  A spectral unseen horror (D:7)
  A cane toad (Lair:2)
  A komodo dragon (Lair:2)
  A troll (D:6)
  A dream sheep (Lair:2)
  7 yaks
  A basilisk (Lair:1)
  2 steam dragons
  Eustachio (D:5)
  2 wargs (D:8)
  2 orc warriors (D:8)
  2 ice beasts
  A centaur (D:6)
  An ogre (D:6)
  A kobold brigand (D:8)
  A gnoll sergeant (D:5)
  3 scorpions
  2 killer bees (D:8)
  2 howler monkeys
  A spectral centaur (D:7)
  Crazy Yiuf (D:3)
  4 orc priests
  2 hounds (D:5)
  2 sleepcaps (D:4)
  Jessica (D:3)
  2 iguanas
  3 orc wizards
  A centaur simulacrum (D:7)
  A howler monkey skeleton (D:7)
  An adder (D:5)
  3 gnolls (D:5)
  2 shadow imps (D:5)
  2 white imps
  2 ufetubi (D:5)
  2 worms
  3 dart slugs
  18 orcs
  2 endoplasms (D:1)
  A giant cockroach (D:3)
  5 goblins
  3 hobgoblins
  2 quokkas
  7 ball pythons
  4 kobolds
  A rat (D:2)
111 creatures vanquished.

Vanquished Creatures (collateral kills)
  Erica (D:8)
  2 wyverns (D:8)
  2 killer bees (D:8)
5 creatures vanquished.

Vanquished Creatures (others)
  A black bear (D:6)
  A bullfrog (D:7)
  2 scorpions
  14 jellies
  A spectral centaur (D:7)
  2 hounds
  3 orc wizards (D:8)
  An iguana (D:5)
  2 adders
  5 orcs
  2 endoplasms (D:4)
  A hobgoblin (D:4)
  14 kobolds
49 creatures vanquished.

Grand Total: 165 creatures vanquished

Notes
Turn   | Place    | Note
-------+----------+-------------------------------------------
     0 | D:1      | ChrisAssaf the Djinni Brigand began the quest for the Orb.
     0 | D:1      | Reached XP level 1. HP: 18/18 MP: 0/0
   517 | D:1      | Reached XP level 2. HP: 23/23 MP: 0/0
   725 | D:2      | Found a faded altar of an unknown god.
   730 | D:2      | Prayed at the altar of an unknown god.
   730 | D:2      | Became a worshipper of Jiyva Jaapsag the Shapeless
   730 | D:2      | Reached * piety under Jiyva
   810 | D:2      | Reached XP level 3. HP: 20/28 MP: 0/0
   810 | D:2      | Learned a level 1 spell: Kiss of Death
   850 | D:2      | Reached XP level 4. HP: 33/33 MP: 0/0
  1421 | D:1      | Reached ** piety under Jiyva
  1848 | D:3      | Reached skill level 1 in Armour
  1936 | D:3      | Noticed Jessica
  1939 | D:3      | Killed Jessica
  1940 | D:3      | Reached skill level 4 in Stealth
  1951 | D:3      | Found a runed translucent door.
  1952 | D:3      | Noticed Crazy Yiuf
  1959 | D:3      | Killed Crazy Yiuf
  1960 | D:3      | Reached XP level 5. HP: 39/39 MP: 0/0
  1960 | D:3      | Learned a level 2 spell: Ensorcelled Hibernation
  2386 | D:3      | Found a burning altar of Makhleb.
  2386 | D:3      | Found an ornate altar of the Wu Jian Council.
  2467 | D:4      | Reached *** piety under Jiyva
  2578 | D:4      | Reached XP level 6. HP: 43/45 MP: 0/0
  2769 | D:4      | Reached skill level 1 in Spellcasting
  2782 | D:4      | Reached skill level 5 in Stealth
  3218 | D:5      | Entered Level 5 of the Dungeon
  3236 | D:5      | Reached **** piety under Jiyva
  3338 | D:5      | Reached XP level 7. HP: 49/49 MP: 0/0
  3338 | D:5      | Learned a level 2 spell: Scorch
  3381 | D:5      | Gained mutation: You have a pair of small horns on your
                  | head. [Jiyva's grace]
  3381 | D:5      | Gained mutation: You have a pair of horns on your head.
                  | [Jiyva's grace]
  3381 | D:5      | Gained mutation: You have a pair of large horns on your
                  | head. [Jiyva's grace]
  3381 | D:5      | Gained mutation: You passively map a small area around you.
                  | [Jiyva's grace]
  3578 | D:5      | Found a staircase to the Ecumenical Temple.
  3932 | D:5      | Noticed a yak
  3950 | D:5      | Noticed a yak
  3956 | D:5      | Noticed Eustachio
  3966 | D:5      | Killed Eustachio
  4017 | D:5      | Killed a yak
  4018 | D:5      | Reached XP level 8. HP: 40/56 MP: 0/0
  4023 | D:5      | Reached skill level 6 in Stealth
  4024 | D:5      | Killed a yak
  4263 | D:6      | Found Noehi's Book Shoppe.
  4471 | D:6      | Found a blossoming altar of Fedhas.
  4506 | D:6      | Reached XP level 9. HP: 44/58 MP: 0/0
  4506 | D:6      | Learned a level 4 spell: Olgreb's Toxic Radiance
  4515 | D:6      | Found Wuetan's Jewellery Emporium.
  4575 | D:6      | Noticed a troll
  4579 | D:6      | Killed a troll
  4580 | D:6      | Reached skill level 1 in Evocations
  4621 | D:6      | Reached ***** piety under Jiyva
  4630 | D:6      | Found Wanosmed's Jewellery Shoppe.
  4825 | D:6      | Gained mutation: You are partially covered in iridescent
                  | scales. (AC +2) [Jiyva's grace]
  4825 | D:6      | Gained mutation: You are mostly covered in iridescent
                  | scales. (AC +4) [Jiyva's grace]
  4825 | D:6      | Gained mutation: You are completely covered in iridescent
                  | scales. (AC +6) [Jiyva's grace]
  4825 | D:6      | Gained mutation: Your muscles are strong. (Str +4, Int/Dex
                  | -1) [Jiyva's grace]
  5018 | D:6      | Found Byboiq's Weapon Shop.
  5204 | D:6      | Found a sacrificial altar of Ru.
  5330 | D:7      | Noticed a spectral unseen horror
  5331 | D:7      | Found a runed translucent gate.
  5332 | D:7      | Found a runed translucent gate.
  5333 | D:7      | Found a runed translucent gate.
  5334 | D:7      | Noticed GrumpyGrim72's ghost (novice DECj)
  5892 | D:7      | Killed GrumpyGrim72's ghost
  5893 | D:7      | Reached skill level 7 in Stealth
  5894 | D:7      | Killed a spectral unseen horror
  5960 | D:8      | Found a glowing silver altar of Zin.
  5987 | D:8      | Noticed Erica
  5998 | D:8      | Killed Erica
  5999 | D:8      | Reached XP level 10. HP: 8/69 MP: 0/0
  6141 | D:8      | Reached ****** piety under Jiyva
  6227 | D:8      | Found a staircase to the Lair.
  6565 | D:8      | Reached skill level 5 in Dodging
  6657 | D:8      | Found Foafoigh's Jewellery Shop.
  7021 | Lair:1   | Entered Level 1 of the Lair of Beasts
  7034 | Lair:1   | Lost mutation: You have a pair of large horns on your head.
                  | [Jiyva's grace]
  7034 | Lair:1   | Lost mutation: You passively map a small area around you.
                  | [Jiyva's grace]
  7034 | Lair:1   | Lost mutation: Your muscles are strong. (Str +4, Int/Dex
                  | -1) [Jiyva's grace]
  7034 | Lair:1   | Gained mutation: You are robust. (+10% HP) [Jiyva's grace]
  7034 | Lair:1   | Gained mutation: You are very robust. (+20% HP) [Jiyva's
                  | grace]
  7034 | Lair:1   | Gained mutation: You are extremely robust. (+30% HP)
                  | [Jiyva's grace]
  7034 | Lair:1   | Gained mutation: You have acidic saliva. [Jiyva's grace]
  7050 | Lair:1   | Noticed a black mamba
  7057 | Lair:1   | Reached skill level 8 in Stealth
  7065 | Lair:1   | Killed a black mamba
  7066 | Lair:1   | Reached skill level 5 in Short Blades
  7097 | Lair:2   | Noticed a komodo dragon
  7115 | Lair:2   | Killed a komodo dragon
  7116 | Lair:2   | Reached skill level 5 in Fighting
  7116 | Lair:2   | Reached skill level 5 in Spellcasting
  7162 | Lair:2   | Noticed a black mamba
  7163 | Lair:2   | Noticed a cane toad
  7170 | Lair:2   | Found a burning altar of Makhleb.
  7170 | Lair:2   | Noticed a cane toad
  7170 | Lair:2   | Noticed a rime drake
  7174 | Lair:2   | Killed a cane toad
  7175 | Lair:2   | Reached XP level 11. HP: 90/95 MP: 0/0
  7175 | Lair:2   | Learned a level 4 spell: Cause Fear
  7182 | Lair:2   | Noticed an eight-headed hydra
  7191 | Lair:2   | Slain by an eight-headed hydra

Illustrated notes

Levels and vault maps discovered:
D:1:      dpeg_arrival_round_c, layout_basic
D:2:      cheibrodos_fertilizer, layout_loops_ring,
          chequers_ecumenical_altar_lobes, minmay_misc_feat_cross
D:3:      layout_loops_ring, gammafunk_temple_overflow_elements, uniq_jessica,
          uniq_crazy_yiuf_cottage
D:4:      layout_basic, minmay_between
D:5:      minmay_clustersquares, layout_loops_corners,
          minmay_temple_entry_trees, kennysheep_potato, uniq_eustachio
D:6:      layout_layer_cave, marbit_many_paths, fedhas_bush_and_centaur_altar,
          serial_shops, shop, shop, nicolae_shop_bloodbath_and_beyond, shop
D:7:      layout_loops_ring, gammafunk_ghost_necromancy,
          hangedman_decor_slide_cut
D:8:      layout_basic, lemuel_crystal_altar, erik_lair_orcish_takeover,
          serial_shops, nicolae_shop_rolling_square,
          hangedman_decor_clover_reticule, uniq_erica
Lair:1:   layout_roguey, lemuel_centaur_altar, grunt_megastairs_2
Lair:2:   layout_small_grid, minmay_swamp_entry_swarm,
          nicolae_snake_entry_warm_welcome, basic_altar,
          minmay_stone_trees_medium

Skill      XL: |  1  2  3  4  5  6  7  8  9 10 |
---------------+-------------------------------+-----
Short Blades   | 2 3 4 5 |  5.0
Armour         | 1 2 3 4 |  4.6
Stealth        | 4 5 6 7 8 |  8.1
Throwing       | 2 3 4 |  4.2
Dodging        | 2 3 4 5 |  5.5
Spellcasting   | 1 2 3 5 |  5.1
Fighting       | 3 4 5 |  5.0
Evocations     | 2 3 |  3.4

Action                     |  1- 3 |  4- 6 |  7- 9 | 10-12 || total
---------------------------+-------+-------+-------+-------++-------
  Melee: Dagger            |    12 |    47 |    50 |    53 ||   162
         Headbutt          |       |       |    11 |    10 ||    21
         Bite              |       |       |       |     3 ||     3
  Throw: Boomerang         |     9 |       |       |       ||     9
         Dart              |       |     2 |     2 |     3 ||     7
   Cast: Kiss of Death     |       |     2 |     1 |     2 ||     5
         Ensorcelled Hiber |       |     5 |     2 |     2 ||     9
         Scorch            |       |       |    17 |    14 ||    31
         Olgreb's Toxic Ra |       |       |     1 |     8 ||     9
 Invoke: Oozemancy         |       |       |     1 |       ||     1
    Use: Scroll            |     5 |     7 |     7 |     3 ||    22
         Potion            |       |     1 |     1 |       ||     2
   Stab: Sleeping          |     2 |    14 |     7 |     5 ||    28
         Invisible         |       |       |       |     1 ||     1
 Armour: Robe              |     3 |    14 |    21 |    29 ||    67
         Skin              |       |       |       |     3 ||     3
  Dodge: Dodged            |     4 |    30 |    50 |    59 ||   143
